 Dungeon Crawl Stone Soup version 0.27.0-1-g7a089689b8 (webtiles) character file.

Game seed: 13823940281122800151

865 sanka the Nimble (level 7, -1/33 HPs)
             Began as a Spriggan Fire Elementalist on July 31, 2021.
             Slain by Blork the orc (9 damage)
             ... on level 5 of the Dungeon.
             The game lasted 00:08:58 (5856 turns).

sanka the Nimble (Spriggan Fire Elementalist)       Turns: 5856, Time: 00:08:59

Health: -1/33      AC:  2    Str:  4    XL:     7   Next: 72%
Magic:  22/22      EV: 23    Int: 16    God:
Gold:   181        SH:  0    Dex: 18    Spells: 6/13 levels left

rFire    . . .     SeeInvis +   a - +2 dagger (drain)
rCold    . . .     Faith    .   (shield restricted)
rNeg     . . .     Spirit   .   i - +0 robe
rPois    +         Reflect  .   (helmet restricted)
rElec    .         Harm     .   (no cloak)
rCorr    .         Rampage  .   (gloves unavailable)
Will     +....                  (boots unavailable)
Stlth    +++.......             (no amulet)
HPRegen  0.11/turn              u - ring of magical power
MPRegen  0.18/turn              k - ring of poison resistance

@: very quick
A: very small, no large weapons, unfitting armour, see invisible, speed 3
a: no special abilities


You were on level 5 of the Dungeon.
You visited 1 branch of the dungeon, and saw 5 of its levels.

You collected 181 gold pieces.


Innate Abilities, Weirdness & Mutations

You are very small and have problems with some larger weapons.
You are too small for most types of armour.
You have supernaturally acute eyesight. (SInv)
You cover ground extremely quickly. (Speed+++)


   Skills:
 + Level 1.5 Fighting
 + Level 3.2 Short Blades
 + Level 8.6 Dodging
 + Level 5.9 Stealth
 + Level 3.7 Spellcasting
 - Level 0.6 Conjurations
 + Level 2.4 Hexes
 - Level 2.4 Fire Magic


You had 6 spell levels left.
You knew the following spells:

 Your Spells              Type           Power      Damage    Failure   Level
j - Invisibility          Hex            5%         N/A       100%        6
y - Foxfire               Conj/Fire      28%        2x1d5     10%         1

Your spell library contained the following spells:

 Spells                   Type           Power      Damage    Failure   Level
 Apportation              Tloc           6%         N/A       17%         1
 Inner Flame              Hex/Fire       10%        N/A       19%         3
 Blink                    Tloc           N/A        N/A       26%         2
 Conjure Flame            Conj/Fire      7%         6-21      28%         3
 Lesser Beckoning         Tloc           1%         N/A       45%         3
 Sticky Flame             Conj/Fire      7%         2d3       67%         4
 Fireball                 Conj/Fire      3%         3d4       95%         5
 Alistair's Intoxication  Tmut/Pois      2%         N/A       99%         5
 Manifold Assault         Tloc           3%         N/A       99%         5

Inventory:

Hand Weapons
 a - a +2 dagger of draining (weapon)
 b - a +0 dagger
 d - a +0 short sword
 h - a +0 dagger of venom
Armour
 i - a +0 robe (worn)
Jewellery
 k - a ring of poison resistance (right hand)
 u - a ring of magical power (left hand)
Wands
 w - a wand of iceblast (6)
Scrolls
 e - a scroll of amnesia {unknown}
 f - 2 scrolls of magic mapping {unknown}
 l - 2 scrolls of teleportation {unknown}
 m - 2 scrolls of immolation {unknown}
 p - a scroll of enchant weapon {unknown}
 q - 3 scrolls of identify {unknown}
 r - 2 scrolls of fog {unknown}
 s - a scroll of fear {unknown}
Potions
 c - 3 potions of degeneration {unknown}
 g - 2 potions of cancellation {unknown}
 j - 2 potions of magic {unknown}
 n - a potion of curing {unknown}
 o - 2 potions of attraction {unknown}
 t - a potion of haste {unknown}
 v - a potion of might {unknown}

Dungeon Overview and Level Annotations

Branches:
Dungeon (5/15)             Temple (0/1) D:5

Altars:
Ashenzari
Fedhas
Makhleb
Qazlal
Sif Muna

Shops:
D:1 *   D:4 *

Annotations:
D:5 Blork the orc

▒▒▒▒▒▒▒▒▒▒▒▒.......▒
+......'........
▒......▒........
▒......▒........ ▒▒
▒▒▒▒▒▒▒▒+▒........ ..
.................
▒.▒▒.▒▒.▒▒....▒▒▒▒▒▒▒.
.........▒....▒
......oi......▒
..⌠...⌠..▒....▒
.........▒▒▒▒▒▒
....>..... .........▒.
..⌠...⌠..▒..
.........[ ▒▒
.........▒


You could see Blork the orc (drained).


Message History

Blork the orc misses you.
Unknown command.
You hit Blork the orc but do no damage. You drain Blork the orc.
Blork the orc is moderately wounded.
Blork the orc closely misses you.
Unknown command.
You hit Blork the orc. You drain Blork the orc.
Blork the orc is severely wounded.
Unknown command.
You hit Blork the orc.
Blork the orc is severely wounded.
Blork the orc closely misses you.
Unknown command.
You closely miss Blork the orc.
Blork the orc is severely wounded.
Blork the orc hits you with a +0 flail!
You hit Blork the orc.
Blork the orc is almost dead.
Blork the orc hits you with a +0 flail!
* * * LOW HITPOINT WARNING * * *
You barely miss Blork the orc.
Blork the orc is almost dead.
Blork the orc completely misses you.
Unknown command.
You closely miss Blork the orc.
Blork the orc is almost dead.
Blork the orc hits you with a +0 flail!
You die...

Action                   |  1- 3 |  4- 6 |  7- 9 || total
-------------------------+-------+-------+-------++-------
Melee: Dagger            |    55 |   101 |    86 ||   242
       Short sword       |     1 |       |       ||     1
 Cast: Foxfire           |    48 |    24 |    27 ||    99
 Stab: Sleeping          |     7 |     2 |     5 ||    14
Armor: Robe              |     7 |     4 |     3 ||    14
Dodge: Dodged            |    38 |    71 |    59 ||   168

Levels and vault maps discovered:
D:1:      sevenhm_arrival_forest_fort_large_2, layout_rooms, serial_shops,
          nicolae_shop_stone, minmay_pentomino_t4
D:2:      layout_basic, dreamdust_ecumenical_altar_statues, item_on_display_a,
          uniq_robin
D:3:      layout_loops_ring, mainiacjoe_overflow_brackets, old_standard_altar
D:4:      kennysheep_spiral_hall, layout_basic,
          mainiacjoe_overflow_six_doors_small, mainiacjoe_overflow_divided_tiny,
          serial_shops, shop, minmay_quantized, uniq_sigmund
D:5:      layout_gridville, minmay_temple_entry_large_hall,
          gup_sewer_entry_pipe, minmay_checkerbox, uniq_blork_the_orc

Notes
Turn   | Place    | Note
-------+----------+-------------------------------------------
     0 | D:1      | sanka the Spriggan Fire Elementalist began the quest for
                  | the Orb.
     0 | D:1      | Reached XP level 1. HP: 9/9 MP: 5/5
   125 | D:1      | Reached skill level 3 in Dodging
   243 | D:1      | Found Ketunt's General Store.
   341 | D:1      | Reached XP level 2. HP: 13/13 MP: 1/6
   458 | D:1      | Reached skill level 4 in Dodging
  1212 | D:2      | Reached XP level 3. HP: 16/16 MP: 8/8
  1233 | D:2      | Reached skill level 5 in Dodging
  1243 | D:2      | Noticed Robin
  1393 | D:2      | Killed Robin
  1929 | D:2      | Reached XP level 4. HP: 10/21 MP: 9/9
  2272 | D:2      | Found a faded altar of an unknown god.
  2580 | D:3      | Noticed a scorpion
  2590 | D:3      | Killed a scorpion
  2591 | D:3      | Reached skill level 6 in Dodging
  2596 | D:3      | Reached XP level 5. HP: 24/24 MP: 2/10
  2634 | D:3      | Reached skill level 7 in Dodging
  2849 | D:3      | Found a burning altar of Makhleb.
  2886 | D:3      | Found a stormy altar of Qazlal.
  3842 | D:4      | Noticed Sigmund
  3856 | D:4      | Killed Sigmund
  3857 | D:4      | Reached skill level 8 in Dodging
  3857 | D:4      | Reached skill level 2 in Short Blades
  3857 | D:4      | Reached skill level 4 in Stealth
  3857 | D:4      | Reached XP level 6. HP: 20/28 MP: 11/11
  3951 | D:3      | Learned a level 6 spell: Invisibility
  4061 | D:4      | Found a broken altar of Ashenzari.
  4065 | D:4      | Found a blossoming altar of Fedhas.
  4098 | D:4      | Reached skill level 3 in Spellcasting
  4098 | D:4      | Reached skill level 1 in Hexes
  4221 | D:4      | Reached skill level 5 in Stealth
  4463 | D:4      | Found a shimmering blue altar of Sif Muna.
  4499 | D:4      | Reached XP level 7. HP: 27/32 MP: 12/12
  4692 | D:4      | Reached skill level 1 in Fighting
  4985 | D:4      | Reached skill level 3 in Short Blades
  5006 | D:4      | Reached skill level 2 in Hexes
  5125 | D:4      | Found Qokyowar's General Store.
  5674 | D:5      | Entered Level 5 of the Dungeon
  5838 | D:5      | Found a staircase to the Ecumenical Temple.
  5839 | D:5      | Noticed Blork the orc
  5856 | D:5      | Slain by Blork the orc

Vanquished Creatures
  Sigmund (D:4)
  2 ogres (D:4)
  A kobold brigand (D:4)
  A scorpion (D:3)
  A water moccasin skeleton (D:5)
  4 orc priests
  A centaur skeleton (D:4)
  2 iguanas
  Robin (D:2)
  6 adders
  A worm (D:4)
  2 dart slugs (D:2)
  11 orcs
  7 endoplasms
  2 giant cockroaches
  17 goblins
  4 hobgoblins
  4 jackals
  5 kobolds
  5 quokkas
  9 ball pythons
  7 bats (D:1)
  7 frilled lizards
  3 rats (D:1)
104 creatures vanquished.

Vanquished Creatures (others)
  160 foxfires
160 creatures vanquished.

Grand Total: 264 creatures vanquished
